AoeStats
← Red Calypso

African Clearing

504353108Analyzed
3v3 RM · 28d ago on Sep 5, 2026· 34m 20s· 6 players
Game mode
Random Map
Map size
Normal (6 player)
Population
200
Speed
Normal
Resources
Standard
Victory
Conquest
Starting age
Dark Age
Ending age
Imperial Age
RankedLock teamsTeams togetherTeam positionsShared explorationLock speedFull tech treeHidden civsTurbo modeCheats
Victory
Defeat
🇲🇽 Poles · Mexico
1740
+5
🇲🇽 Vietnamese · Mexico
1692
+7
🇲🇽 Franks · Mexico
1390
+17
🇩🇪 Vietnamese · Germany
1524
-12
🇩🇪 Mongols · Germany
1461
-10
🇦🇹 Vietnamese · Austria
1376
-7
VL Daniela
8:38 Loom
11:28 Feudal Age
9:54 Loom
11:58 Double-Bit Axe
24:39 Castle Age
24:10 Padded Archer Armor
24:02 Gold Mining
24:20 Fletching
27:06 Bow Saw
26:36 Crossbowman
27:44 Bodkin Arrow
30:24 Ballistics
30:05 Horse Collar
32:36 Heavy Plow
34:43 Wheelbarrow
33:54 Town Watch
VL Carlos Manzo
12:18 Loom
14:28 Feudal Age
16:20 Double-Bit Axe
16:16 Horse Collar
19:14 Castle Age
18:44 Fletching
20:40 Bow Saw
25:21 Bodkin Arrow
26:07 Padded Archer Armor
27:42 Leather Archer Armor
VL Ferdinand
6:24 Loom
9:12 Loom
12:40 Feudal Age
13:12 Double-Bit Axe
16:13 Scale Barding Armor
19:48 Wheelbarrow
24:15 Castle Age
22:19 Gold Mining
24:04 Forging
24:58 Husbandry
25:20 Chain Barding Armor
27:40 Bow Saw
31:52 Iron Casting
Red Calypso
9:15 Loom
14:31 Feudal Age
18:36 Castle Age
19:27 Fletching
19:39 Padded Archer Armor
20:59 Bodkin Arrow
24:21 Elite Skirmisher
27:43 Town Watch
ShellyBlackJack
4:24 Loom
13:22 Feudal Age
17:21 Castle Age
18:09 Double-Bit Axe
18:05 Horse Collar
27:36 Bow Saw
30:11 Heavy Plow
30:02 Gold Mining
32:13 Wheelbarrow
34:41 Gold Shaft Mining
Breznsoiza
6:11 Loom
14:32 Feudal Age
15:47 Double-Bit Axe
19:46 Castle Age
19:23 Scale Mail Armor
19:33 Forging
19:16 Fletching
19:26 Padded Archer Armor
20:02 Pikeman
20:43 Squires
20:28 Arson
21:00 Bow Saw
22:39 Horse Collar
24:44 Bodkin Arrow
24:20 Crossbowman
25:56 Ballistics
33:21 Thumb Ring
Connection lost

Rejoining the realm…

Still unreachable

The connection could not be restored.

Session expired

The server has moved on; the page needs a fresh start.